 Dungeon Sprint DCSS version 0.18.1-5-g4a78601 (webtiles) character file.

93 Kathua the Covert (level 4, -3/36 HPs)
             Began as a Demonspawn Assassin on May 10, 2016.
             Was an Initiate of Pakellas.
             Slain by a troll (10 damage)
             ... in the Dungeon (Sprint IX: "|||||||||||||||||||||||||||||").
             The game lasted 00:01:00 (488 turns).

Kathua the Covert (Demonspawn Assassin)              Turns: 488, Time: 00:01:00

Health: -3/36      AC: 10    Str: 11    XL:     4   Next: 37%
Magic:  1/4        EV: 13    Int: 15    God:    Pakellas [......]
Gold:   0          SH:  0    Dex: 16    Spells: 0 memorised, 3 levels left

rFire  . . .     SeeInvis .     q - +2 rapier (distort)
rCold  . . .     Gourm    .     s - +2 ring mail
rNeg   . . .     Faith    .     (no shield)
rPois  .         Spirit   .     r - +0 helmet
rElec  .         Dismiss  .     d - +0 cloak
rCorr  .         Reflect  .     (no gloves)
SustAt .         Harm     .     (no boots)
MR     .....     NoTele   +     (no amulet)
Stlth  +++.......               u - +2 ring of evasion
                                t - +3 ring of intelligence

@: not resistant to hostile enchantments, fairly stealthy
A: rugged brown scales 1
a: Renounce Religion


You were in the Dungeon.
You worshipped Pakellas.
Pakellas was noncommittal.
You were not hungry.

You visited 1 branch

Inventory:

Hand Weapons
 a - a +2 dagger
 b - a +0 blowgun
 q - a +2 rapier of distortion (weapon)
Missiles
 e - 8 poisoned needles
 f - 2 curare-tipped needles
Armour
 d - a +0 cloak (worn)
 r - a +0 helmet (worn)
 s - a +2 ring mail (worn)
Jewellery
 t - a +3 ring of intelligence (left hand)
 u - a +2 ring of evasion (right hand)
Wands
 p - a wand of iceblast (7/15)
Scrolls
 m - 2 scrolls of blinking
 n - 3 scrolls of remove curse
 o - 2 scrolls of amnesia
Potions
 h - 5 potions of curing
 i - 3 potions of heal wounds
 j - a potion of haste
 k - 4 potions of magic
 l - a potion of invisibility
Comestibles
 g - a bread ration


   Skills:
 + Level 3.0 Fighting
 * Level 2.7 Short Blades
 - Level 2.0 Throwing
 + Level 1.8 Dodging
 + Level 8.4 Stealth
 * Level 1.2 Evocations


You had 3 spell levels left.
You didn't know any spells.

Dungeon Overview and Level Annotations

Branches:
Dungeon (1/1)

Altars:
Cheibriados
Dithmenos
Elyvilon
Fedhas
Gozag
Kikubaaqudgha
Makhleb
Nemelex Xobeh
Okawaru
Pakellas
Qazlal
Ru
Sif Muna
Trog
Vehumet
Xom
Yredelemnul
Zin
The Shining One
Beogh
Jiyva
Lugonu


Innate Abilities, Weirdness & Mutations

You are partially covered in rugged brown scales (AC +1, +3% HP).


Message History

The hill giant disappears!
The eye of draining gazes at you.
You feel your power leaking away.
You hit the worker ant.
Space warps horribly around the worker ant!
The worker ant is severely wounded.
The worker ant bites you but does no damage.
You hit the worker ant.
Space bends around the worker ant.
You kill the worker ant!
Pakellas accepts your kill.
You feel your power returning.
Your Fighting skill increases to level 3!
Your Evocations skill increases to level 1!
You closely miss the troll. The troll bites you! The troll claws you!
The troll barely misses you.
You closely miss the troll. The troll barely misses you. The troll claws you.
* * * LOW HITPOINT WARNING * * *
The troll claws you!
You die...
Pakellas says: That's one more possible approach eliminated. ▓▓▓▓▓▓▓▓▓▓▓▓▓▓▓▓▓▓▓▓▓▓▓▓ _______'..|).[..@TGly... ▓▓▓▓▓▓▓▓▓▓▓▓▓▓▓▓▓▓▓▓▓▓▓▓

You could see an eye of draining, a troll, a wyvern and a wasp.

Vanquished Creatures
  2 hounds (D)
  A worker ant (D)
  A giant gecko (D)
  A bat zombie (D)
  A goblin (D)
  2 hobgoblins (D)
  A kobold (D)
  A bat (D)
  A giant newt (D)
11 creatures vanquished.

Notes
Turn   | Place    | Note
--------------------------------------------------------------
     0 | D        | Kathua the Demonspawn Assassin began the quest for the Orb.
     0 | D        | Reached XP level 1. HP: 16/16 MP: 1/1
     6 | D        | Reached skill level 4 in Stealth
    19 | D        | Reached skill level 1 in Dodging
   227 | D        | Noticed a hound
   227 | D        | Noticed a hound
   235 | D        | Killed a hound
   235 | D        | Reached skill level 6 in Stealth
   235 | D        | Gained mutation: You are partially covered in rugged brown scales (AC +1, +3% HP). [demonic ancestry]
   235 | D        | Reached XP level 2. HP: 15/23 MP: 2/2
   235 | D        | Reached XP level 3. HP: 18/28 MP: 3/3
   240 | D        | Reached skill level 7 in Stealth
   242 | D        | Reached XP level 4. HP: 16/35 MP: 4/4
   243 | D        | Reached skill level 8 in Stealth
   274 | D        | Found a glowing silver altar of Zin.
   274 | D        | Found a glowing golden altar of the Shining One.
   274 | D        | Found an ancient bone altar of Kikubaaqudgha.
   274 | D        | Found a basalt altar of Yredelemnul.
   274 | D        | Found a shimmering altar of Xom.
   274 | D        | Found a radiant altar of Vehumet.
   275 | D        | Found an iron altar of Okawaru.
   276 | D        | Found a burning altar of Makhleb.
   277 | D        | Found a deep blue altar of Sif Muna.
   278 | D        | Found a bloodstained altar of Trog.
   279 | D        | Found a sparkling altar of Nemelex Xobeh.
   280 | D        | Found a white marble altar of Elyvilon.
   281 | D        | Found a roughly hewn altar of Beogh.
   282 | D        | Found a viscous altar of Jiyva.
   283 | D        | Found a corrupted altar of Lugonu.
   284 | D        | Found a blossoming altar of Fedhas.
   285 | D        | Found a snail-covered altar of Cheibriados.
   286 | D        | Found a shadowy altar of Dithmenos.
   287 | D        | Found a stormy altar of Qazlal.
   288 | D        | Found an opulent altar of Gozag.
   289 | D        | Found a sacrificial altar of Ru.
   290 | D        | Found an oddly glowing altar of Pakellas.
   298 | D        | Became a worshipper of Pakellas the Inventive
   481 | D        | Noticed a hill giant
   481 | D        | Noticed a troll
   481 | D        | Noticed an eye of draining
   481 | D        | Noticed a wyvern
   481 | D        | Noticed a wasp
   486 | D        | Reached skill level 1 in Evocations
   488 | D        | Slain by a troll

Skill      XL: |  1  2  3  4 |
---------------+-------------+-----
Stealth        | 6 7 8 |  8.4
Dodging        | 1 |  1.8
Short Blades   | 2 |  2.7
Throwing       | 2 |  2.0
Fighting       | 3 |  3.0
Evocations     | 1 |  1.2

Action                   |  1- 3 |  4- 6 || total
-------------------------+-------+-------++-------
Melee: Dagger            |    31 |     2 ||    33
       Rapier            |       |     7 ||     7
  Use: Potion            |     1 |       ||     1
Armor: Robe              |     1 |     1 ||     2
       Ring mail         |       |     1 ||     1
Dodge: Dodged            |    11 |     4 ||    15
